PL
FT. WORTH CATTLEMEN @ BROOKLYN DODGERS
09/03/2022
 
TOP OF THE 1ST
Ft. Worth Cattlemen batting - Pitching for Brooklyn Dodgers : RHP Horace McKenzie
Pitching: RHP Horace McKenzie
Batting: RHB Matt Sheppard 0-0: Swinging Strike
0-1: Called Strike
0-2: Foul Ball, location: 2F
0-2: Ball
1-2: Ball
2-2: Strikes out swinging
Batting: LHB Orlando Trevino 0-0: Fly out, F9 (Popup, 4D)
Batting: LHB Ryan Westlake 0-0: Ball
1-0: Ball
2-0: Called Strike
2-1: Foul Ball, location: 2F
2-2: Ball
3-2: Base on Balls
Batting: RHB Joey Morgan 0-0: Called Strike
0-1: Ball
1-1: Swinging Strike
1-2: SINGLE (Line Drive, 6D)
Ryan Westlake to second
Batting: RHB Alan Elder 0-0: Called Strike
0-1: Foul Ball, location: 2F
0-2: Fielders Choice at 2nd, 6-4 (Groundball, 6)
Top of the 1st over - 0 run(s), 1 hit(s), 0 error(s), 1 left on base; Ft. Worth 0 - Brooklyn 0
BOTTOM OF THE 1ST
Brooklyn Dodgers batting - Pitching for Ft. Worth Cattlemen : RHP Yoriyoshi Yamamoto
Pitching: RHP Yoriyoshi Yamamoto
Batting: RHB Roger Lakes 0-0: Called Strike
0-1: Ball
1-1: Ball
2-1: Fly out, F4 (Popup, 4MS)
Batting: LHB Rubén López 0-0: Ball
1-0: Called Strike
1-1: Ball
2-1: Called Strike
2-2: Foul Ball, location: 2F
2-2: Strikes out looking
Batting: RHB Thom Wilcox 0-0: Ball
1-0: Ball
2-0: Ball
3-0: Swinging Strike
3-1: Base on Balls
Batting: LHB Ron Bascombe 0-0: Fly out, F9 (Flyball, 9LMF)
Bottom of the 1st over - 0 run(s), 0 hit(s), 0 error(s), 1 left on base; Ft. Worth 0 - Brooklyn 0
TOP OF THE 2ND
Ft. Worth Cattlemen batting - Pitching for Brooklyn Dodgers : RHP Horace McKenzie
Batting: LHB Toyokazu Asano 0-0: Called Strike
0-1: Ball
1-1: Swinging Strike
1-2: Strikes out swinging
Batting: LHB Pat McJannett 0-0: Ball
1-0: Swinging Strike
1-1: Ball
2-1: Swinging Strike
2-2: Strikes out swinging
Batting: RHB Jack Weber 0-0: Swinging Strike
0-1: Ball
1-1: Foul Ball, location: 2F
1-2: Ball
2-2: Foul Ball, location: 2F
2-2: Strikes out swinging
Top of the 2nd over - 0 run(s), 0 hit(s), 0 error(s), 0 left on base; Ft. Worth 0 - Brooklyn 0
BOTTOM OF THE 2ND
Brooklyn Dodgers batting - Pitching for Ft. Worth Cattlemen : RHP Yoriyoshi Yamamoto
Batting: RHB Donald Thompson 0-0: Ball
1-0: Ball
2-0: Foul Ball, location: 2F
2-1: Foul Ball, location: 2F
2-2: Strikes out swinging
Batting: RHB Luis Rivas 0-0: Ball
1-0: Called Strike
1-1: Ball
2-1: SOLO HOME RUN (Flyball, 7D), Distance : 386 ft
Batting: SHB Raymond Bright 0-0: Ball
1-0: Ball
2-0: Called Strike
2-1: Called Strike
2-2: Foul Ball, location: 2F
2-2: Fly out, F3 (Line Drive, 3)
Batting: RHB José Herrera 0-0: Fly out, F8 (Flyball, 89D)
Bottom of the 2nd over - 1 run(s), 1 hit(s), 0 error(s), 0 left on base; Ft. Worth 0 - Brooklyn 1
TOP OF THE 3RD
Ft. Worth Cattlemen batting - Pitching for Brooklyn Dodgers : RHP Horace McKenzie
Batting: SHB Robby Day 0-0: Ball
1-0: Ball
2-0: Ball
3-0: Base on Balls
Batting: RHB Matt Sheppard 0-0: Ball
1-0: Called Strike
1-1: Called Strike
1-2: Ball
2-2: Foul Ball, location: 2F
2-2: Foul Ball, location: 2F
2-2: SINGLE (Line Drive, 4D)
Robby Day to second
Batting: LHB Orlando Trevino 0-0: Fly out, F8 (Flyball, 8RD)
Runner from 2nd tags up, SAFE at 3rd, no throw
Batting: LHB Ryan Westlake 0-0: Foul Ball, location: 2F
0-1: Called Strike
0-2: Foul Ball, location: 2F
0-2: Ball
1-2: Foul Ball, location: 2F
1-2: Ball
2-2: Hit by Pitch
Matt Sheppard to second
Batting: RHB Joey Morgan 0-0: SINGLE (Line Drive, 89S)
Robby Day scores
Matt Sheppard to third
Ryan Westlake to second
Batting: RHB Alan Elder 0-0: Ball
1-0: Foul Ball, location: 2F
1-1: Ball
2-1: Ball
3-1: Base on Balls
Matt Sheppard scores
Ryan Westlake to third
Joey Morgan to second
Batting: LHB Toyokazu Asano 0-0: Ball
1-0: Called Strike
1-1: Ground out 3-1 (Groundball, 34)
Ryan Westlake scores
Joey Morgan to third
Alan Elder to second
Batting: LHB Pat McJannett 0-0: Ball
1-0: Foul Ball, location: 2F
1-1: Ball
2-1: Foul Ball, location: 2F
2-2: Strikes out swinging
Top of the 3rd over - 3 run(s), 2 hit(s), 0 error(s), 2 left on base; Ft. Worth 3 - Brooklyn 1
BOTTOM OF THE 3RD
Brooklyn Dodgers batting - Pitching for Ft. Worth Cattlemen : RHP Yoriyoshi Yamamoto
Batting: RHB Jorge Torrez 0-0: Called Strike
0-1: Swinging Strike
0-2: Strikes out swinging
Batting: RHB Roger Lakes 0-0: Called Strike
0-1: Ball
1-1: Ball
2-1: Fly out, F8 (Flyball, 8LXD)
Batting: LHB Rubén López 0-0: Ground out 4-3 (Groundball, 4M)
Bottom of the 3rd over - 0 run(s), 0 hit(s), 0 error(s), 0 left on base; Ft. Worth 3 - Brooklyn 1
TOP OF THE 4TH
Ft. Worth Cattlemen batting - Pitching for Brooklyn Dodgers : RHP Horace McKenzie
Batting: RHB Jack Weber 0-0: Called Strike
0-1: Ball
1-1: Fly out, F7 (Line Drive, 78M)
Batting: SHB Robby Day 0-0: Ball
Reached via error on a dropped throw, E3
Batting: RHB Matt Sheppard 0-0: Ball
1-0: Called Strike
1-1: Called Strike
1-2: Foul Ball, location: 2F
1-2: SINGLE (Line Drive, 8RS)
Robby Day to second
Runner from 2nd tries for 3rd, SAFE, throw made to third
Batting: LHB Orlando Trevino 0-0: Ball
1-0: Called Strike
1-1: Called Strike
1-2: Ground out 4-3 (Groundball, 13)
Robby Day scores
Matt Sheppard to second
Batting: LHB Ryan Westlake 0-0: Called Strike
0-1: Swinging Strike
0-2: Ball
1-2: Ball
2-2: Ground out 4-3 (Groundball, 4)
Top of the 4th over - 1 run(s), 1 hit(s), 1 error(s), 1 left on base; Ft. Worth 4 - Brooklyn 1
BOTTOM OF THE 4TH
Brooklyn Dodgers batting - Pitching for Ft. Worth Cattlemen : RHP Yoriyoshi Yamamoto
Batting: RHB Thom Wilcox 0-0: Ball
1-0: Foul Ball, location: 2F
1-1: Foul Ball, location: 2F
1-2: Strikes out swinging
Batting: LHB Ron Bascombe 0-0: Ball
1-0: Ground out U3 (Groundball, 3S)
Batting: RHB Donald Thompson 0-0: Called Strike
0-1: Ball
1-1: Ball
2-1: Called Strike
2-2: SINGLE (Line Drive, 9S)
Batting: RHB Luis Rivas 0-0: Ball
1-0: Ball
2-0: Ball
3-0: Base on Balls
Donald Thompson to second
Batting: SHB Raymond Bright 0-0: Foul Ball, location: 2F
0-1: Ball
1-1: Ball
2-1: Fly out, F4 (Line Drive, 4)
Bottom of the 4th over - 0 run(s), 1 hit(s), 0 error(s), 2 left on base; Ft. Worth 4 - Brooklyn 1
TOP OF THE 5TH
Ft. Worth Cattlemen batting - Pitching for Brooklyn Dodgers : RHP Horace McKenzie
Batting: RHB Joey Morgan 0-0: SINGLE (Line Drive, 6M)
Batting: RHB Alan Elder 0-0: Called Strike
0-1: Grounds into double play, 5-4-3 (Groundball, 5L)
Batting: LHB Toyokazu Asano 0-0: Ground out 4-3 (Groundball, 4)
Top of the 5th over - 0 run(s), 1 hit(s), 0 error(s), 0 left on base; Ft. Worth 4 - Brooklyn 1
BOTTOM OF THE 5TH
Brooklyn Dodgers batting - Pitching for Ft. Worth Cattlemen : RHP Yoriyoshi Yamamoto
Batting: RHB José Herrera 0-0: Called Strike
0-1: Ball
1-1: Swinging Strike
1-2: Ball
2-2: Strikes out swinging
Batting: RHB Jorge Torrez 0-0: Called Strike
0-1: Ball
1-1: Foul Ball, location: 2F
1-2: Ball
2-2: Foul Ball, location: 2F
2-2: Strikes out swinging
Batting: RHB Roger Lakes 0-0: Fly out, F2 (Popup, 2RF)
Bottom of the 5th over - 0 run(s), 0 hit(s), 0 error(s), 0 left on base; Ft. Worth 4 - Brooklyn 1
TOP OF THE 6TH
Ft. Worth Cattlemen batting - Pitching for Brooklyn Dodgers : RHP Horace McKenzie
Pitching: RHP Javier Díaz
Batting: LHB Pat McJannett 0-0: Ball
1-0: Swinging Strike
1-1: Ball
2-1: Foul Ball, location: 2F
2-2: Foul Ball, location: 2F
2-2: Ball
3-2: Ground out 4-3 (Groundball, 4S)
Batting: RHB Jack Weber 0-0: Ball
1-0: SINGLE (Groundball, 56D)
Batting: SHB Robby Day 0-0: Ball
1-0: Ball
2-0: Foul Ball, location: 2F
2-1: Swinging Strike
2-2: Foul Ball, location: 2F
2-2: Fly out, F5 (Popup, 5SF)
Batting: RHB Matt Sheppard 0-0: Ball
1-0: Reached on Error, E9 (Flyball, 89S)
Jack Weber to third
Batting: LHB Orlando Trevino 0-0: SINGLE (Groundball, 56D)
Jack Weber scores
Matt Sheppard to third
Runner from 3rd tries for Home, SAFE, throw made home
Orlando Trevino to second
Batting: LHB Ryan Westlake 0-0: Ball
1-0: Ball
2-0: Ball
3-0: Called Strike
3-1: DOUBLE (Flyball, 7LD)
Orlando Trevino scores
Pitching: LHP Daniel León
Batting: RHB Joey Morgan 0-0: Ball
1-0: Fly out, F7 (Flyball, 7M)
Top of the 6th over - 3 run(s), 3 hit(s), 1 error(s), 1 left on base; Ft. Worth 7 - Brooklyn 1
BOTTOM OF THE 6TH
Brooklyn Dodgers batting - Pitching for Ft. Worth Cattlemen : RHP Yoriyoshi Yamamoto
Batting: LHB Rubén López 0-0: Ball
1-0: Swinging Strike
1-1: Foul Ball, location: 2F
1-2: Foul Ball, location: 2F
1-2: Ball
2-2: Ball
3-2: SINGLE (Flyball, 7S)
Batting: RHB Thom Wilcox 0-0: Grounds into double play, 6-4-3 (Groundball, 6)
Batting: LHB Ron Bascombe 0-0: Ball
1-0: Foul Ball, location: 2F
1-1: Called Strike
1-2: Foul Ball, location: 2F
1-2: Ball
2-2: Foul Ball, location: 2F
2-2: Fly out, F7 (Line Drive, 7M)
Bottom of the 6th over - 0 run(s), 1 hit(s), 0 error(s), 0 left on base; Ft. Worth 7 - Brooklyn 1
TOP OF THE 7TH
Ft. Worth Cattlemen batting - Pitching for Brooklyn Dodgers : LHP Daniel León
Batting: RHB Alan Elder 0-0: Ball
1-0: Foul Ball, location: 2F
1-1: Ball
2-1: Foul Ball, location: 2F
2-2: Ball
3-2: Foul Ball, location: 2F
3-2: SINGLE (Groundball, 56D)
Batting: LHB Toyokazu Asano 0-0: SINGLE (Groundball, 6MD)
Alan Elder to second
Runner from 2nd tries for 3rd, SAFE, no throw or cutoff
Batting: LHB Pat McJannett 0-0: Called Strike
0-1: Ball
1-1: Ball
2-1: Foul Ball, location: 2F
2-2: Ball
Wild Pitch!
Alan Elder scores
Toyokazu Asano to second
3-2: SINGLE (Line Drive, 4MD)
Toyokazu Asano to third
Batting: RHB Jack Weber 0-0: Ball
1-0: Swinging Strike
1-1: Called Strike
1-2: Ball
2-2: Strikes out swinging
Batting: SHB Robby Day 0-0: Ball
1-0: Called Strike
1-1: Called Strike
1-2: Strikes out swinging
Batting: RHB Matt Sheppard 0-0: Fly out, F9 (Line Drive, 9M)
Top of the 7th over - 1 run(s), 3 hit(s), 0 error(s), 2 left on base; Ft. Worth 8 - Brooklyn 1
BOTTOM OF THE 7TH
Brooklyn Dodgers batting - Pitching for Ft. Worth Cattlemen : RHP Yoriyoshi Yamamoto
Batting: RHB Donald Thompson 0-0: Ball
1-0: Called Strike
1-1: Swinging Strike
1-2: Ball
2-2: Foul Ball, location: 2F
2-2: Ball
3-2: Fly out, F7 (Line Drive, 7LS)
Batting: RHB Luis Rivas 0-0: Ball
1-0: Called Strike
1-1: Called Strike
1-2: Foul Ball, location: 2F
1-2: Foul Ball, location: 2F
1-2: Foul Ball, location: 2F
1-2: Ball
2-2: Ball
3-2: Strikes out looking
Batting: SHB Raymond Bright 0-0: Ground out 4-3 (Groundball, 34)
Bottom of the 7th over - 0 run(s), 0 hit(s), 0 error(s), 0 left on base; Ft. Worth 8 - Brooklyn 1
TOP OF THE 8TH
Ft. Worth Cattlemen batting - Pitching for Brooklyn Dodgers : LHP Daniel León
Batting: LHB Orlando Trevino 0-0: Called Strike
0-1: Ball
1-1: Ball
2-1: Called Strike
2-2: Ball
3-2: Ground out 4-3 (Groundball, 4)
Batting: LHB Ryan Westlake 0-0: Ball
1-0: Called Strike
1-1: Foul Ball, location: 2F
1-2: Ball
2-2: Foul Ball, location: 2F
2-2: Foul Ball, location: 2F
2-2: Foul Ball, location: 2F
2-2: Foul Ball, location: 2F
2-2: Ball
3-2: Ground out 6-3 (Groundball, 6)
Batting: RHB Joey Morgan 0-0: Called Strike
0-1: Ball
1-1: Ball
2-1: Fly out, F7 (Flyball, 7D)
Top of the 8th over - 0 run(s), 0 hit(s), 0 error(s), 0 left on base; Ft. Worth 8 - Brooklyn 1
BOTTOM OF THE 8TH
Brooklyn Dodgers batting - Pitching for Ft. Worth Cattlemen : RHP Yoriyoshi Yamamoto
Batting: RHB José Herrera 0-0: Ball
1-0: SINGLE (Line Drive, 7LS)
Batting: RHB Jorge Torrez 0-0: Called Strike
0-1: Ball
1-1: Called Strike
1-2: Fly out, F9 (Flyball, 9LM)
Batting: RHB Roger Lakes 0-0: Foul Ball, location: 2F
0-1: Ball
1-1: Foul Ball, location: 2F
1-2: Ball
2-2: Strikes out looking
Pitching: RHP Aaron Wise
Batting: LHB Rubén López 0-0: Ball
1-0: Ball
2-0: Ball
3-0: Called Strike
3-1: Base on Balls
José Herrera to second
Batting: RHB Thom Wilcox 0-0: Called Strike
0-1: Called Strike
0-2: Ball
1-2: Strikes out swinging
Bottom of the 8th over - 0 run(s), 1 hit(s), 0 error(s), 2 left on base; Ft. Worth 8 - Brooklyn 1
TOP OF THE 9TH
Ft. Worth Cattlemen batting - Pitching for Brooklyn Dodgers : LHP Daniel León
Pitching: RHP Bartolo Medina
Batting: RHB Alan Elder 0-0: Called Strike
0-1: Called Strike
0-2: Ball
1-2: Ball
2-2: Ball
3-2: Foul Ball, location: 2F
3-2: Ground out 6-3 (Groundball, 6M)
Batting: LHB Toyokazu Asano 0-0: Called Strike
0-1: Called Strike
0-2: Fly out, F9 (Line Drive, 9M)
Batting: LHB Pat McJannett 0-0: Called Strike
0-1: Fly out, F8 (Flyball, 8LS)
Top of the 9th over - 0 run(s), 0 hit(s), 0 error(s), 0 left on base; Ft. Worth 8 - Brooklyn 1
BOTTOM OF THE 9TH
Brooklyn Dodgers batting - Pitching for Ft. Worth Cattlemen : RHP Aaron Wise
Batting: LHB Ron Bascombe 0-0: Foul Ball, location: 2F
0-1: Ball
1-1: Ball
2-1: Ball
3-1: Base on Balls
Pinch Hitting: LHB Curt Webb 0-0: Grounds into double play, 6-4-3 (Groundball, 6)
Batting: RHB Luis Rivas 0-0: Called Strike
0-1: Ball
1-1: Swinging Strike
1-2: Foul Ball, location: 2F
1-2: Ball
2-2: Strikes out swinging
Bottom of the 9th over - 0 run(s), 0 hit(s), 0 error(s), 0 left on base; Ft. Worth 8 - Brooklyn 1
This league is powered by Out of the Park Baseball, the baseball management simulation game for PC, Mac and Linux
Friday, April 15th, 2016 - OOTP Baseball 16.9 Build 39